Map: Zen LE

Players

prospeKt - Winner!

  • Race: Zerg Zerg
  • League: Platinum
  • Spawn Location: 1:00

VOD

Have the link to the VOD?

Description

Time

  • Played on: May 28, 2020, 10:52 a.m.
  • Length: 16:11
Show
View Real Time Build Order
Export as new Build Order

prospeKt Zerg - Winner!

Build Orders:  

Get SALT Encoding   

  12  0:05  Drone  
  13  0:18  Overlord  
  13  0:28  Drone  
  14  0:43  Drone  
  14  0:44  Drone  
  16  0:52  Drone  
  17  1:15  Hatchery  
  16  1:23  Drone  
  16  1:25  Drone  
  18  1:45  Spawning Pool  
  18  1:48  Drone  
  18  1:54  Drone  
  19  2:06  Drone  
  19  2:07  Extractor  
  19  2:21  Drone  
  20  2:39  Drone  
  21  3:01  Queen  
  21  3:02  Queen  
  21  3:03  Drone  
  21  3:04  Drone  
  21  3:07  Overlord  
  27  3:20  Drone  
  28  3:33  Drone  
  28  3:34  Drone  
  28  3:36  Drone  
  31  3:43  Drone  
  32  3:51  Drone  
  32  3:55  Queen  
  35  4:06  Drone  
  35  4:08  Overlord  
  36  4:13  Lair, Overlord  
  36  4:36  Drone x3  
  39  4:50  Drone  
  39  4:52  Drone  
  41  5:06  Drone x2  
  43  5:13  Hatchery  
  43  5:14  Drone  
  43  5:20  Extractor  
  43  5:22  Extractor  
  43  5:26  Roach Warren, Drone  
  43  5:27  Drone x2  
  43  5:28  Overlord  
  43  5:30  Drone x3  
  43  5:34  Evolution Chamber  
  45  5:49  Drone x2  
  47  6:03  Drone x2  
  49  6:10  Overlord  
  49  6:11  Drone x2  
  51  6:23  Roach x4  
  51  6:28  Drone  
  60  6:31  Glial Reconstitution  
  60  6:33  Zerg Missile Weapons Level 1  
  60  6:37  Roach  
  60  6:38  Roach  
  64  6:55  Roach x2  
  64  6:56  Drone x2  
  64  6:57  Drone  
  64  6:59  Overlord  
  43  7:00  Overlord  
  71  7:01  Drone x2  
  73  7:13  Hydralisk Den  
  72  7:22  Infestation Pit  
  72  7:29  Drone x8  
  79  7:36  Extractor  
  79  7:37  Overlord  
  79  7:38  Overlord  
  79  7:39  Drone  
  79  7:41  Extractor  
  78  7:59  Evolution Chamber, Drone  
  78  8:00  Drone x2  
  78  8:03  Overlord  
  78  8:04  Drone x3  
  83  8:26  Drone  
  83  8:27  Drone  
  83  8:28  Drone x7  
  92  8:45  Drone x3  
  95  8:57  Hatchery  
  94  9:05  Drone x10  
  94  9:08  Overlord  
  104  9:22  Zerg Missile Weapons Level 2, Zerg Ground Armor Level 1  
  104  9:26  Hydralisk x3  
  104  9:28  Overlord x2  
  110  9:30  Hydralisk x2  
  110  9:35  Hive  
  114  9:48  Unknown  
  114  9:57  Overlord  
  114  9:58  Overlord x5  
  114  10:02  Hydralisk x3  
  114  10:04  Hydralisk x2  
  114  10:06  Extractor  
  123  10:11  Extractor  
  122  10:21  Hydralisk x2  
  122  10:22  Hydralisk x6  
  122  10:25  Hydralisk x2  
  142  10:38  Hydralisk x2  
  144  10:47  Hatchery  
  144  10:48  Hydralisk x4  
  149  11:01  Hydralisk  
  149  11:02  Hydralisk  
  153  11:15  Drone x3  
  153  11:19  Hydralisk x3  
  162  11:28  Hydralisk  
  162  11:29  Hydralisk  
  166  11:30  Overlord x2  
  166  11:50  Hydralisk  
  166  11:51  Hydralisk x5  
  178  12:00  Hatchery  
  178  12:08  Hatchery x2  
  178  12:09  Hydralisk x5  
  185  12:24  Hydralisk x4  
  185  12:28  Hydralisk  
  195  12:49  Drone x2  
  197  12:50  Drone  
  197  12:56  Hydralisk  
  200  13:20  Overlord x3  
  200  13:21  Overlord  
  200  13:34  Hatchery  
  200  13:37  Overlord  
  199  13:40  Hatchery  
  186  14:57  Hydralisk x5  
  186  14:58  Hydralisk x2  
Tags
 
League
Platinum
Matchup
Co-op
Add a new tag
Caveats
  • Supply blocks, unpowered buildings, or Contaminate may cause inaccurate times.
  • Supply counts are checked every 10 seconds.